Cogmind - Beta 17 @@@ ROGUE MODE // 2026.08.24 @ 22:17:40 Player: Blue Result: Destroyed by G-47 Trooper with Particle Gun Performance ------------- Evolutions (0) 0 Regions Visited (2) 400 Robots Destroyed (18) 90 Value Destroyed (426) 426 Prototype IDs (5) 100 Alien Tech Used (0) 0 Bonus (0) 0 TOTAL SCORE: 1016 Bonus ------- None Cogmind --------- Core Integrity 0/250 Matter 269/300 Energy 160/160 System Corruption 0% Temperature Hot (231) Movement Walking (120) Location -10/Mines Parts ------- > --- POWER (1) -------- Light Nuclear Core > --- PROPULSION (2) --- Aluminum Leg Aluminum Leg > --- UTILITY (2) ------ Medium Storage Unit Signal Interpreter > --- WEAPON (2) ------- Light Assault Rifle Enhanced Flamer > --- INVENTORY (10) --- Ion Engine Aluminum Leg Medium Matter Pod (100) Peak State ------------ > --- POWER ------------ Light Nuclear Core > --- PROPULSION ------- Aluminum Leg Aluminum Leg > --- UTILITY ---------- Medium Storage Unit Signal Interpreter > --- WEAPON ----------- Light Assault Rifle Enhanced Flamer > --- INVENTORY -------- Ion Engine Light Nuclear Core Aluminum Leg Medium Matter Pod Assault Rifle Light Assault Rifle [Rating: 11] Favorites ----------- Power Ion Engine Engine Ion Engine Power Core Light Nuclear Core Propulsion Aluminum Leg Leg Aluminum Leg Wheel Compact Wheel Utility Signal Interpreter Storage Medium Storage Unit Processor Signal Interpreter Weapon Assault Rifle Ballistic Gun Assault Rifle Special Weapon Enhanced Flamer Build | -11 -10 -10 ------- Run | Yrd Mat Min Slots Evolved . | . . . Power . | . . . Propulsion . | . . . Utility . | . . . Weapon . | . . . Parts Attached 18 | 6 4 8 Power 4 | 1 . 3 Engine 2 | 1 . 1 Core 2 | . . 2 Reactor . | . . . Propulsion 6 | 2 1 3 Treads . | . . . Leg 3 | . . 3 Wheel 3 | 2 1 . Hover . | . . . Flight . | . . . Utility 3 | 1 2 . Device . | . . . Storage 2 | 1 1 . Processor 1 | . 1 . Hackware . | . . . Protection . | . . . Artifact . | . . . Weapon 5 | 2 1 2 Energy Gun . | . . . Energy Cannon . | . . . Ballistic Gun 4 | 2 1 1 Ballistic Cannon . | . . . Launcher . | . . . Special Weapon 1 | . . 1 Impact Weapon . | . . . Slashing Weapon . | . . . Piercing Weapon . | . . . Special Melee Weapon . | . . . Unidentified Prototypes . | . . . Parts Lost 7 | . 1 6 Power 1 | . . 1 Propulsion 3 | . 1 2 Utility . | . . . Weapon 3 | . . 3 Highest Loss Streak 3 | . 1 3 To Critical Strikes . | . . . Average Backups 4 | 1 3 5 Power 1 | . 1 1 Propulsion . | . . 1 Utility . | . . 1 Weapon 1 | . 1 1 Tool/Special . | . . . Unused Backups 3 | . 1 2 Power 1 | . 1 . Propulsion 1 | . . 1 Utility 1 | . . 1 Weapon . | . . . Tool/Special . | . . . Average Slot Usage (%) 97 | . 96 98 Engine 7 | . 14 . Core 6 | . . 13 Leg 13 | . . 25 Wheel 13 | . 27 1 Storage 14 | . 14 14 Processor 12 | . 11 14 Ballistic Gun 27 | . 28 26 Peak Build Rating 11 | 6 7 11 Average Rating 7 | 3 6 9 On Entrance 4 | . 6 7 Avg Prop Armor Cover (%) . | . . . Naked Turns . | . . . Heaviest Build 19 | 13 19 18 Greatest Support 32 | 32 32 20 Greatest Overweight (x) 1 | . 1 1 Average Overweight (x) . | . . . Largest Inventory Capacity 10 | 8 10 10 Average Capacity 9 | 6 9 10 Most Carried 7 | 3 5 7 Average Carried 4 | 1 3 5 Final Capacity 10 | 8 10 10 Final Carried 5 | 1 5 3 Class Distribution -------------------- 55% | Mutant 44% | Scavenger-Mutant Dominant Class ---------------- Mutant | -10/Materials Scavenger-Mutant | -10/Mines Resources | -11 -10 -10 ----------- Run | Yrd Mat Min Matter Collected 706 | 197 248 261 Remotely . | . . . Salvage Created 529 | . 248 281 Parts 35 | . 21 14 Haulers Intercepted . | . . . Recyclers Shooed . | . . . Parts Field Recycled . | . . . Retrieved Matter . | . . . Parts Self-Destructed . | . . . Prevented . | . . . Parts Restored . | . . . Kills | -11 -10 -10 ------- Run | Yrd Mat Min Combat Hostiles Destroyed 16 | . 8 8 Guns 13 | . 8 5 Cannons 3 | . . 3 Classes Destroyed 4 | . 3 1 Builder 1 | . 1 . Recycler 1 | . . 1 Swarmer 7 | . 4 3 Grunt 9 | . 4 5 Best Kill Streak 5 | . 3 5 Combat Bots Only 5 | . 3 5 Max Kills in Single Turn 1 | . 1 1 Gunslinging . | . . . Exploded . | . . . Melee . | . . . Uniques/NPCs Destroyed . | . . . Combat | -11 -10 -10 -------- Run | Yrd Mat Min Hostile Shots Fired 125 | . 48 77 Missed 22 | . 9 13 Hits 103 | . 39 64 Projectile 103 | . 39 64 Critical Strikes 1 | . 1 . Damage Taken 1138 | . 403 735 Core 259 | . 122 137 Absorbed by Shields . | . . . Core Remaining (%) 100 | 100 . . Volleys Fired 61 | . 32 29 Largest 2 | . 2 2 Hottest 100 | . 40 100 Shots Fired 118 | . 64 54 Gun 108 | . 64 44 Cannon . | . . . Launcher . | . . . Special 10 | . . 10 Kinetic 108 | . 64 44 Thermal 10 | . . 10 Explosive . | . . . Electromagnetic . | . . . Robot Hit Streak 12 | . 7 12 Robot Miss Streak 4 | . 3 4 Penetration Max . | . . . Secondary Targets 4 | . 3 1 Max Gunslinging Chain 1 | . 1 1 Shots Hit Robots 72 | . 38 34 Core Hits 35 | . 17 18 Critical Kills . | . . . Critical Parts Destroyed . | . . . Critical Strikes . | . . . Melee Attacks . | . . . Impact . | . . . Slashing . | . . . Piercing . | . . . Sneak Attacks . | . . . Combat Hostiles . | . . . Follow-up Attacks . | . . . Damage Inflicted 860 | . 492 368 Guns 785 | . 492 293 Cannons . | . . . Explosions . | . . . Melee . | . . . Ramming . | . . . Kinetic 785 | . 492 293 Thermal 75 | . . 75 Explosive . | . . . Electromagnetic . | . . . Impact . | . . . Slashing . | . . . Piercing . | . . . Highest Corruption . | . . . Average Corruption . | . . . Corruption Purged . | . . . Corruption Blocked . | . . . Overload Shots . | . . . Overflow Damage . | . . . Projectiles . | . . . Explosions . | . . . Melee . | . . . Knockbacks . | . . . Impact . | . . . Kinetic . | . . . Secondary . | . . . Self-Inflicted Damage . | . . . Shots . | . . . Rammed . | . . . Targets Rammed . | . . . Kicked . | . . . Crushed . | . . . Highest Temperature 222 | . 10 222 Average Temperature 83 | . 5 93 Received Heat Transfer 447 | . 141 306 Siege Activations . | . . . Martial Activations . | . . . Shielding Activations . | . . . Robots Disrupted . | . . . Combat Hostiles . | . . . Robots Corrupted . | . . . Combat Hostiles . | . . . Parts Fried . | . . . Impact Corruptions . | . . . Robots Melted . | . . . Combat Hostiles . | . . . Parts Melted 1 | . . 1 Heat Transferred 560 | . . 560 Parts Sabotaged . | . . . Parts Stolen . | . . . Parts Stripped . | . . . Power Chain Reactions . | . . . Alert | -11 -10 -10 ------- Run | Yrd Mat Min Maximum Alert Level . | . . . Low Security (%) 100 | 100 100 100 Level 1 . | . . . Level 2 . | . . . Level 3 . | . . . Level 4 . | . . . Level 5 . | . . . High Security . | . . . Max Security . | . . . Peak Influence 94 | . 79 94 Initial 13 | . . 13 Average 17 | . 18 18 Influence Increases 454 | . 244 210 Destroy 0b10 Robot/C 320 | . 160 160 Destroy 0b10 Robot/NC 10 | . 5 5 Destroy Leader 60 | . 30 30 Successful Hack 19 | . 19 . Lose Combat Pursuer 45 | . 30 15 Influence Decreases 395 | . 210 185 Entered New Map 21 | . . 21 Time Decay 243 | . 132 111 Lost Part 63 | . 10 53 Purge Threat 68 | . 68 . Squads Dispatched 2 | . 2 . Investigation 1 | . 1 . Extermination . | . . . Reinforcement 1 | . 1 . Assault . | . . . Garrison . | . . . Intercept . | . . . Searches Triggered . | . . . Construction Impeded . | . . . Haulers Reinforced . | . . . Active Scanning Responses . | . . . Cargo Convoy Interrupts . | . . . Stealth | -11 -10 -10 --------- Run | Yrd Mat Min Distress Signals 1 | . 1 . Communications Jammed . | . . . Distress Signals . | . . . Times Spotted 26 | . 16 10 Peak Tracking Total 6 | . 6 5 Tactical Retreats 2 | . 1 1 Traps | -11 -10 -10 ------- Run | Yrd Mat Min Traps Triggered . | . . . Indirectly . | . . . Trap Hack Attempts . | . . . Triggered . | . . . Disarmed . | . . . Reprogrammed . | . . . Reused . | . . . Traps Extracted . | . . . Installed . | . . . Triggered . | . . . Machines | -11 -10 -10 ---------- Run | Yrd Mat Min Machines Disabled . | . . . Max in Single Turn . | . . . Machines Repaired . | . . . Machines Dismantled . | . . . Machines Sabotaged . | . . . Overloaded Fab Kills . | . . . Hacking | -11 -10 -10 --------- Run | Yrd Mat Min Machines Accessed 6 | . 6 . Terminals 6 | . 6 . Fabricators . | . . . Repair Stations . | . . . Recycling Units . | . . . Scanalyzers . | . . . Garrison Access . | . . . Total Hacks 21 | . 21 . Successful 9 | . 9 . Failed 12 | . 12 . Catastrophic 3 | . 3 . Database Lockouts . | . . . Manual 9 | . 9 . Terminals 21 | . 21 . Fabricators . | . . . Repair Stations . | . . . Recycling Units . | . . . Scanalyzers . | . . . Garrison Access . | . . . Terminal Hacks 9 | . 9 . Prototype ID Bank 3 | . 3 . Unreport Threat 1 | . 1 . Locate Traps 3 | . 3 . Hauler Manifests 1 | . 1 . Registered Components 1 | . 1 . Fabricator Hacks . | . . . Repair Station Hacks . | . . . Recycling Unit Hacks . | . . . Scanalyzer . | . . . Garrison Access Hacks . | . . . Unauthorized Hacks . | . . . Terminals . | . . . Fabricators . | . . . Repair Stations . | . . . Recycling Units . | . . . Scanalyzers . | . . . Garrison Access . | . . . Data Cores Recovered . | . . . Used . | . . . Hacking Detections 6 | . 6 . Full Trace Events 1 | . 1 . Feedback Events . | . . . Feedback Blocked . | . . . Robot Schematics Acquired . | . . . Robots Built . | . . . Authchips . | . . . Time . | . . . Total Robot Build Rating . | . . . Part Schematics Acquired . | . . . Parts Built . | . . . Authchips . | . . . Time . | . . . Total Part Build Rating . | . . . Part Studies Acquired . | . . . Parts Repaired . | . . . Time . | . . . Parts Recycled . | . . . Recycled Matter . | . . . Retrieved Matter . | . . . Retrieved Components . | . . . Parts Scanalyzed . | . . . Part Schematics Acquired . | . . . Parts Damaged . | . . . Bothacking | -11 -10 -10 ------------ Run | Yrd Mat Min Used RIF Installer . | . . . Robots Hacked . | . . . Non-combat . | . . . Combat . | . . . Robot Hacks Applied . | . . . Relay Couplers Released . | . . . Fabnet Peak Effective % . | . . . Robots Rewired . | . . . Allies Hacked . | . . . Hacks Repelled . | . . . Allies | -11 -10 -10 -------- Run | Yrd Mat Min Total Allies . | . . . Largest Group . | . . . Highest-Rated Group . | . . . Highest-Rated Ally . | . . . Total Orders . | . . . Ally Attacks . | . . . Total Damage . | . . . Kills . | . . . Allies Corrupted . | . . . Allies Melted . | . . . Intel | -11 -10 -10 ------- Run | Yrd Mat Min Active Infowar (turns) . | . . . Robot Analysis Total . | . . . Derelict Logs Recovered 1 | . . 1 Drone Launches . | . . . Drone Recoveries . | . . . Exploration | -11 -10 -10 ------------- Run | Yrd Mat Min Turns Passed 1257 | 44 583 630 Spaces Moved 897 | 37 440 420 Core 13 | 13 . . Treads . | . . . Legs 416 | . . 416 Wheels 468 | 24 440 4 Hover . | . . . Flight . | . . . Fastest Speed 50 | 50 90 95 Average Speed 107 | 82 98 120 Slowest Speed 190 | 100 115 190 Overloaded Moves . | . . . Propulsion Burnouts . | . . . Robots Hopped . | . . . Potential Cave-ins . | . . . Cave-ins Triggered . | . . . Exploration Rate (%) 42 | 4 49 74 Regions Visited 2 Branch Regions 1 Pre-discovered Areas . | . . . Known Exits Taken 1 | . 1 . Unknown Exits Taken 1 | 1 . . Scrap Searched 3 | . . 3 Spaces Dug . | . . . Terrain Destroyed . | . . . Melee . | . . . Projectile . | . . . AOE . | . . . Terrain Rammed . | . . . Walls Destroyed . | . . . Machines Disabled . | . . . Actions | -11 -10 -10 --------- Run | Yrd Mat Min Total 1063 | 50 528 485 Wait 61 | 1 43 17 Move 895 | 36 439 420 Hop . | . . . Pick Up 21 | 7 8 6 Fast Attach . | . . . Attach 14 | 6 2 6 Detach . | . . . Swap 7 | . 2 5 Drop 4 | . 2 2 Fire 61 | . 32 29 Melee . | . . . Ram . | . . . Kick . | . . . Crush . | . . . Escape Stasis . | . . . Rewire . | . . . Trap . | . . . Miscellaneous . | . . . Route ------- -11/Scrapyard -10/Materials (discovered 4 exits: *Mat x2 / *Min x2) -10/Mines (discovered 2 exits: *Mat / *Exi) History --------- Turn | Location | Event 21 | -11/Scrapyard | Discovered new exit (range 15) 45 | -11/Scrapyard | Entered Materials 234 | -10/Materials | Discovered new exit (range 7) 243 | -10/Materials | Identified exit to Mines 296 | -10/Materials | Discovered new exit (range 7) 307 | -10/Materials | Build established: Mutant 392 | -10/Materials | Identified exit to Materials 402 | -10/Materials | Discovered exit to Mines (range 15) 506 | -10/Materials | Discovered exit to Materials (range 16) 628 | -10/Materials | Entered Mines 641 | -10/Mines | Core integrity fell below 50% 838 | -10/Mines | Discovered exit to Materials (range 9) 933 | -10/Mines | Build established: Scavenger-Mutant 989 | -10/Mines | A weapon hastily lodged in a ceiling crevice suddenly fell to the ground 1049 | -10/Mines | Deemed a non-threat by the Exiles lab entrance 1049 | -10/Mines | Discovered new exit (range 5) 1053 | -10/Mines | Identified exit to Exiles 1111 | -10/Mines | Learned Materials stockpile data 1152 | -10/Mines | Core integrity fell below 20% 1258 | -10/Mines | Destroyed by G-47 Trooper with Particle Gun Last Messages --------------- 01159_ K-01 Serf collects debris. 01160_ G-34 Mercenary destroyed. 01163_ K-01 Serf collects debris. 01166_ Acquired 33 matter. 01168_ K-01 Serf collects debris. 01168_ Acquired 15 matter. 01171_ K-01 Serf collects debris. 01172_ Acquired Aluminum Leg. 01174_ Acquired 2 matter. 01174_ K-01 Serf collects debris. 01179_ Acquired 8 matter. 01182_ K-01 Serf collects debris. 01192_ Searching scrap... 01192_ Found Sml. Storage Unit. 01192_ Found 35 Matter. 01234_ Lgt. Assault Rifle destroyed. 01236_ Assault Rifle destroyed. 01241_ Lgt. Nuclear Core destroyed. 01243_ Sml. Laser melted. 01243_ G-34 Mercenary destroyed. Map ----- +----------------------------------------------------+ | #???????##???????????????????????????????????????? | | ##?????? #???????????????????????????????????????? | | ##???? #???????????????????????????????????????? | | ##??? ##??????????????????????????????????????? | | ##?# ##?????????????????????????????????????? | | ## ##### ????????????????????????????????? | | ???????????????????????????????? | | ???????????????????????????????? | | # # #??????????????????????????????????? | | ## # ##????????????????????????????????????? | | ## ## ##?????????????????????????????????????? | | #=!#?####??????????????????????????????????????? | | | !#???????????????????????????????????????????? | | #####???????????????????????????????????????????? | | ##??????????????????########## ???????????? | | #????????####???????# ???????????? | | #######??# ????????# #### ### ???????????? | | #??# #????????# #??# #?????????????????????? | | ##### #### #????????# #?## ##????????????????????? | | ????# #????????# ### ##???????????????????? | | ????###### #???????## ## ##??????????????????? | | ???????## ##?###### % ##??#??????????????? | | ??????## ### ! # #??????????????? | | ????### ## #### #### ##?????????????? | | ???## """ #??# ####%g #?????????????? | | ???# """ ####??# @* ##?????????????? | | ???# """ ####### ### ##??????????????? | | ???# *! #?## #???????????????? | | ???## * %% #??### #??????????????? | | ????##### ##########?????# #??????????????? | | ????????######???????????????## ##??????????????? | | ???????????????????????????????###???????????????? | | ?????????????????????????????????????????????????? | | | | | | | | | | | | | | | | | | | | | | | | | | | | | | | | | | | +----------------------------------------------------+ Best States ------------- Heat Dissipation 25 Energy Generation 14 Energy Capacity 250 Matter Stores 300 Matter Capacity 300 Sight Range 16 Terrain Scan Density 10 Evasion (%) 55 Item Schematics ----------------- None Robot Schematics ------------------ None Fabricated ------------ Nothing Repaired ---------- Nothing Studied --------- None Alien Tech Used ----------------- None Achievements -------------- None Challenges ------------ None Game ------ Seed CarbidePhysicsTurbovents Manual? 0 Play Time 00:12:54 Cumulative 14.0 hours Start 2026.08.24 @ 22:08:07 End 2026.08.24 @ 22:17:40 Sessions 1 Manual Loads 0 Difficulty Rogue Special Mode None Game No. 16 Rogue 16 Adventurer 0 Explorer 0 Win Type - Total 0 Types 0/0/0/0/0/0/0/0/0/0 Lore% 7 Gallery% 13 Achievement% 14 Wizard Run 0 Options --------- Layout 1 ASCII 0 Keyboard 0 Movement Mouse Keybinds 0 Fullscreen 1 Font 24/Terminus Map View 50x35 Zoom Use 0% Tactical HUD 1 Map Filters NONE Filters NONE Steam 1 RUN: 3718f887-e60d-484f-ad55-69ded9f13e1c